 Dungeon Crawl Stone Soup version 0.29.0-4-gdea44cf6ec (webtiles) character file.

Game seed: 1808555982469168969

39 qw the Chopper (level 3, 0/21 HPs)
             Began as a Tengu Warper on Aug 28, 2022.
             Slain by an adder (3 damage)
             ... on level 2 of the Dungeon.
             The game lasted 00:00:05 (1138 turns).

qw the Chopper (Tengu Warper)                       Turns: 1138, Time: 00:00:06

Health: 0/21       AC:  3    Str: 13    XL:     3   Next: 45%
Magic:  7/7        EV: 10    Int: 13    God:
Gold:   62         SH:  8    Dex: 13    Spells: 6/6 levels left

rFire   . . .      SeeInvis .   Y - +0 hand axe
rCold   . . .      Faith    .   h - +0 kite shield
rNeg    . . .      Spirit   .   b - +0 leather armour
rPois   .          Reflect  .   (helmet restricted)
rElec   .          Harm     .   (no cloak)
rCorr   .          Rampage  .   (no gloves)
Will    .....                   (boots unavailable)
Stlth   +.........              (no amulet)
HPRegen 0.07/turn               (no ring)
MPRegen 0.10/turn               (no ring)

@: no status effects
A: beak, talons 3
a: no special abilities


You were on level 2 of the Dungeon.
You visited 1 branch of the dungeon, and saw 2 of its levels.

You collected 62 gold pieces.


Innate Abilities, Weirdness & Mutations

You have a beak for a mouth.
You have claws for feet.


   Skills:
 - Level 2.0 Fighting
 - Level 3.4 Axes
 - Level 1.0 Throwing
 - Level 1.1 Armour
 - Level 2.1 Dodging
 + Level 1.8 Shields
 - Level 2.0 Spellcasting
 - Level 2.4 Translocations


You had 6 spell levels left.
You didn't know any spells.
Your spell library contained the following spells:

 Spells                   Type           Power      Damage    Failure   Level
 Blink                    Tloc           14%        N/A       52%         2
 Gell's Gravitas          Tloc           7%         N/A       77%         3
 Lesser Beckoning         Tloc           7%         N/A       77%         3
 Teleport Other           Tloc           7%         N/A       77%         3
 Manifold Assault         Tloc           7%         N/A       100%        5

Inventory:

Hand Weapons
 a - a +0 flail
 Y - a +0 hand axe (weapon)
Missiles
 d - 2 boomerangs of dispersal (quivered)
Armour
 b - a +0 leather armour (worn)
 h - a +0 kite shield (worn)
Scrolls
 f - a scroll of identify
Potions
 c - a potion of mutation {unknown}
 g - a potion of heal wounds {unknown}

Dungeon Overview and Level Annotations

Branches:
Dungeon (2/15)

Altars:


Message History

The adder blinks!
You hear an angry hiss.
The adder hisses angrily.
You hear a shout!
Throw: 3 boomerangs (disperse)
Press: ? - help, Q - select action Shift-Dir - straight line, f - adder You throw a boomerang of dispersal.
The boomerang of dispersal misses the adder.
A goblin comes into view. It is wielding a +0 spear.
1130 ||| Stepping ~*~*~tactically~*~*~ (hiding).
You see here a +0 dagger.
You start waiting.
An adder is nearby!
You closely miss the adder. You claw the adder.
The adder is lightly wounded.
The adder bites you.
You are poisoned.
The adder poisons you!
You hit the adder but do no damage.
The adder is lightly wounded.
You feel sick. You block the adder's attack. The adder bites you.
You are more poisoned.
The adder poisons you!
You hit the adder.
The adder is moderately wounded.
You feel sick. The adder closely misses you. The adder barely misses you.
You slash the adder!
You kill the adder!
You feel sick.
You feel sick. The goblin hits you with a +0 spear.
You see here an adder corpse.
You hit the goblin but do no damage. Your kick misses the goblin.
You feel sick. The goblin hits you with a +0 spear.
The adder closely misses you. You block the goblin's attack.
You miss the adder. Your kick misses the adder. You peck the adder.
The adder is severely wounded.
You barely miss the goblin.
You feel sick.
You are no longer poisoned.
The adder bites you.
You die...

...########.### ####
#..)%..# ########.##.#>#
. ......##.##.#.### ..
................#####...
......##.#.#..#.........
......##.#.#............
......##........Sg......
......####.##.#.@#
......# #......)#
####### #.#..##.#
####### #.#.###.#
......# #.#.###.#
.....)# #.......#
.##.%%######.#####
.##..........#
###.##########


You could see an adder and a goblin.

Vanquished Creatures
  2 adders (D:2)
  4 ball pythons
  A bat (D:2)
  3 endoplasms (D:1)
  A giant cockroach (D:1)
  2 goblins
  2 hobgoblins (D:1)
  A kobold (D:1)
  A quokka (D:1)
  2 frilled lizards (D:1)
  A rat (D:1)
20 creatures vanquished.

Notes
Turn   | Place    | Note
-------+----------+-------------------------------------------
     0 | D:1      | qw the Tengu Warper began the quest for the Orb.
     0 | D:1      | Reached XP level 1. HP: 12/12 MP: 4/4
     0 | D:1      | 0 ||| qw: Version: 0.1-a-89-g26bdef1
     0 | D:1      | 0 ||| qw: Game counter: 1961
     0 | D:1      | 0 ||| qw: Always use a shield: true
     0 | D:1      | 0 ||| qw: God list: Okawaru
     0 | D:1      | 0 ||| qw: Allow faded altars: false
     0 | D:1      | 0 ||| qw: Do Orc after D:15 true
     0 | D:1      | 0 ||| qw: Do second Lair branch before Depths: true
     0 | D:1      | 0 ||| qw: Lair rune preference: random
     0 | D:1      | 0 ||| qw: Plans: Normal
     0 | D:1      | 0 ||| PLANNING D:1-11
    36 | D:1      | 36 ||| Stepping ~*~*~tactically~*~*~ (stealth).
   228 | D:1      | Reached skill level 3 in Axes
   228 | D:1      | Reached XP level 2. HP: 17/17 MP: 6/6
   229 | D:1      | 229 ||| Stepping ~*~*~tactically~*~*~ (stealth).
   230 | D:1      | 230 ||| Stepping ~*~*~tactically~*~*~ (stealth).
   233 | D:1      | 233 ||| Stepping ~*~*~tactically~*~*~ (stealth).
   638 | D:1      | 638 ||| UPGRADING to +0 kite shield.
   643 | D:1      | 643 ||| READING scroll labelled ESIONLAKYLL.
   644 | D:1      | 644 ||| READING 2 scrolls labelled SAALUI ROODDUA.
   645 | D:1      | 645 ||| READING scroll labelled PAJIEJA AVOU.
   646 | D:1      | 646 ||| DROPPING scroll of blinking.
   686 | D:2      | 686 ||| FLEEEEING.
   687 | D:2      | 687 ||| STAIRDANCE
   741 | D:2      | 741 ||| Stepping ~*~*~tactically~*~*~ (stealth).
   742 | D:2      | 742 ||| Stepping ~*~*~tactically~*~*~ (stealth).
   748 | D:2      | HP: 4/17 [ball python (1)]
   751 | D:2      | Reached skill level 1 in Shields
   751 | D:2      | Reached XP level 3. HP: 6/21 MP: 7/7
   965 | D:2      | 965 ||| DROPPING +0 club.
  1089 | D:2      | 1089 ||| Stepping ~*~*~tactically~*~*~ (stealth).
  1130 | D:2      | 1130 ||| Stepping ~*~*~tactically~*~*~ (hiding).
  1137 | D:2      | HP: 4/21 [goblin/+0 spear (2)]
  1138 | D:2      | Slain by an adder

Levels and vault maps discovered:
D:1:      zelgadis_glass_arrival_small, layout_rooms, minmay_misc_feat_tower,
          minmay_misc_feat_iff
D:2:      layout_loops_cross, hellmonk_ecumenical_altar_run_dry,
          corexii_hall_statues_deadend

Skill      XL: |  1  2 |
---------------+-------+-----
Axes           | 3 |  3.4
Shields        | 1 |  1.8
Fighting       | |  2.0
Throwing       | |  1.0
Armour         | |  1.1
Dodging        | |  2.1
Spellcasting   | |  2.0
Translocations | |  2.4

Action                   || total
-------------------------++-------
Melee: Hand axe          ||    46
       Kick              ||    12
       Peck              ||     4
Throw: Boomerang         ||    10
  Use: Scroll            ||     3
Armor: Leather armour    ||    17
Dodge: Dodged            ||    20
Block: Kite shield       ||    15

Table legend:
 A = Non-vault XP
 B = Vault XP
 C = Vault XP percentage of total XP
 D = Non-vault monster count
 E = Vault monster count
 F = Vault count percentage of total count
                 A         B        C        D         E       F
            +---------+---------+-------+---------+---------+-------
      Total |      56 |       0 |   0.0 |      20 |       0 |   0.0
            +---------+---------+-------+---------+---------+-------
        D:1 |      23 |       0 |   0.0 |      13 |       0 |   0.0
        D:2 |      33 |       0 |   0.0 |       7 |       0 |   0.0
            +---------+---------+-------+---------+---------+-------
